 Dungeon Crawl Stone Soup version 0.23-a0-625-g1d2cd9b (webtiles) character file.

8373 KnightedAnt the Agent of Entropy (level 11, 7/87 HPs)
             Began as a Formicid Abyssal Knight on Dec 24, 2018.
             Was a Priest of Lugonu.
             Quit the game on level 1 of the Lair of Beasts.
             The game lasted 00:41:07 (17655 turns).

KnightedAnt the Agent of Entropy (FoAK)            Turns: 17655, Time: 00:41:08

Health: 7/87       AC: 14    Str: 19    XL:     11   Next: 54%
Magic:  17/17      EV: 16    Int: 13    God:    Lugonu [***...]
Gold:   516        SH:  5    Dex: 18    Spells: 10/10 levels left

rFire    . . .     SeeInvis +   a - +2 falchion (protect)
rCold    . . .     Gourm    .   p - +0 buckler
rNeg     . . .     Faith    .   (no armour)
rPois    .         Spirit   .   (helmet unavailable)
rElec    .         Reflect  .   t - +0 cloak
rCorr    .         Harm     .   r - +0 pair of gloves
MR       +....                  s - +1 pair of boots
Stlth    ++........             (no amulet)
HPRegen  0.24/turn              j - +3 ring of dexterity
MPRegen  0.15/turn              J - +5 ring of dexterity

@: lethally poisoned (7 -> -29), protection aura
A: permanent stasis, dig shafts and tunnels, four strong arms, antennae 3, fangs
1, iridescent scales 1, evolution 1
a: Dig, Shaft Self, Depart the Abyss, Bend Space, Banish, Renounce Religion


You were on level 1 of the Lair of Beasts.
You worshipped Lugonu.
Lugonu was most pleased with you.
You were very hungry.

You visited 2 branches of the dungeon, and saw 13 of its levels.
You visited the Abyss 1 time.

You collected 516 gold pieces.

Inventory:

Hand Weapons
 a - a +2 falchion of protection (weapon)
Missiles
 d - 68 bolts
 k - 331 stones (quivered)
Armour
 p - a +0 buckler (worn)
 r - a +0 pair of gloves (worn)
 s - a +1 pair of boots (worn)
 t - a +0 cloak (worn)
Jewellery
 j - a +3 ring of dexterity (left hand)
 B - an uncursed ring of positive energy
 G - an uncursed ring of positive energy
 J - a +5 ring of dexterity (right hand)
Wands
 z - a wand of random effects (24)
 E - a wand of enslavement (5)
 F - a wand of flame (13)
Scrolls
 f - 2 scrolls of enchant armour
 l - 5 scrolls of enchant weapon
 n - a scroll of identify
 u - a scroll of noise {unknown}
 v - a scroll of random uselessness {unknown}
 w - 3 scrolls of blinking {unknown}
 x - 2 scrolls of fog {unknown}
 y - 3 scrolls of magic mapping {unknown}
 A - 2 scrolls of immolation {unknown}
 C - 5 scrolls of remove curse
 H - 2 scrolls of amnesia {unknown}
 K - a scroll of fear
Potions
 b - a potion of brilliance
 g - 2 potions of flight
 i - 5 potions of degeneration
 m - a potion of resistance
 o - 2 potions of mutation
 q - 3 potions of heal wounds
 D - a potion of haste
 I - a potion of cancellation
 L - a potion of agility
Miscellaneous
 e - a phial of floods (inert)
 h - a lamp of fire (inert)
Comestibles
 c - 7 rations


   Skills:
 + Level 8.5 Fighting
 + Level 7.3 Long Blades
 + Level 8.1 Armour
 - Level 6.2 Dodging
 + Level 1.8 Shields
 + Level 8.8 Invocations
 + Level 7.4 Evocations


You had 10 spell levels left.
You didn't know any spells.
Your spell library contained the following spells:

 Spells                   Type           Power        Failure   Level  Hunger
 Animate Skeleton         Necr           N/A          34%         1    ##.....
 Apportation              Tloc           #.....       34%         1    ##.....
 Confusing Touch          Hex            #.....       34%         1    ##.....
 Corona                   Hex            #......      34%         1    ##.....
 Freeze                   Ice            #...         34%         1    ##.....
 Summon Small Mammal      Summ           #...         34%         1    ##.....
 Slow                     Hex            #.......     45%         2    ###....
 Throw Frost              Conj/Ice       #.....       45%         2    ###....
 Confuse                  Hex            #.......     71%         3    ####...
 Gell's Gravitas          Tloc           #.........   71%         3    ####...
 Inner Flame              Hex/Fire       #.......     71%         3    ####...
 Ozocubu's Armour         Chrm/Ice       #.......     71%         3    ####...
 Portal Projectile        Hex/Tloc       #.....       71%         3    ####...
 Cause Fear               Hex            #.........   98%         4    #####..
 Leda's Liquefaction      Hex/Erth       #.........   98%         4    #####..
 Petrify                  Tmut/Erth      #.......     98%         4    #####..
 Summon Ice Beast         Ice/Summ       #.......     98%         4    #####..
 Throw Icicle             Conj/Ice       #.......     98%         4    #####..
 Metabolic Englaciation   Hex/Ice        #.........   100%        5    ######.
 Yara's Violent Unravell  Hex/Tmut       #.........   100%        5    ######.


Dungeon Overview and Level Annotations

Branches:
Dungeon (11/15)            Temple (0/1) D:4            Lair (2/6) D:10
  Swamp: Lair:2-4    Shoals: Lair:2-4     Snake: Lair:2-4    Spider: Lair:2-4
    Orc: D:9-12

Altars:
Makhleb
Sif Muna
Trog
Wu Jian
Zin

Shops:
D:6 (   D:10 [

Annotations:
D:7 exclusions: 3 doors, 2 plants and 2 more exclusions
D:9 exclusions: killer bee and 3 more exclusions
Abyss:1 Joseph


Innate Abilities, Weirdness & Mutations

You cannot be hasted, slowed, berserked, paralysed or teleported.
You can dig through walls and to a lower floor.
Your four strong arms can wield two-handed weapons with a shield.
You have a pair of large antennae on your head. (SInv)
You have very sharp teeth.
You are partially covered in iridescent scales. (AC +2)
You evolve.


Message History

The spiny frog poisons you!
You hit the spiny frog but do no damage.
The spiny frog is severely wounded.
You feel very sick. The spiny frog stings you!
* * * LOW HITPOINT WARNING * * *
You are more poisoned.
The spiny frog poisons you!
You hit the spiny frog but do no damage.
The spiny frog is severely wounded.
* * * LOW HITPOINT WARNING * * *
You feel very sick. You block the spiny frog's attack.
You hit the spiny frog but do no damage.
The spiny frog is heavily wounded.
* * * LOW HITPOINT WARNING * * *
You feel very sick. The spiny frog barely misses you.
The spiny frog stings you!
* * * LOW HITPOINT WARNING * * *
Are you sure you want to abandon this character and quit the game? (Confirm

.......#...# #. ...._..#...#
##.## ##.........## P..########
............#####.#.......#
..................#........
............#.#.##.........
............#...##..........P.
...........^#.#.###...........
............#..F@...†.......^ .
............#.#####......... ..
÷...........#.##.##..###..##.###.
..........#.#†#.......#.......#..
......#.......#.####..#...###...#
..................).....†.....#.#
..............#.....#.#..........
...............####.#[#####.#.#..
............!.. ..#............


You could see a spiny frog.

Vanquished Creatures
  A spiny frog (Lair:1)
  Grinder (D:5)
  Prince Ribbit (D:9)
  6 yaks
  A warg (D:10)
  An acid dragon (D:10)
  5 water moccasins
  Duvessa (D:7)
  A phantom (D:5)
  3 sky beasts
  2 black bears
  2 ice beasts
  An orc warrior (D:10)
  7 ogres
  2 centaurs
  A crocodile (Lair:1)
  5 bullfrogs
  A gnoll sergeant (D:7)
  Dowan (D:7)
  A water moccasin zombie (D:6)
  A water moccasin skeleton (D:4)
  A scorpion (D:10)
  19 killer bees
  8 wights (D:9)
  A howler monkey (D:6)
  8 crimson imps
  A bullfrog zombie (D:6)
  A quasit (D:5)
  2 jellies
  8 orc wizards
  A bullfrog skeleton (D:8)
  A gnoll shaman (D:7)
  7 orc priests
  5 hounds
  13 worker ants
  A killer bee zombie (D:6)
  A hound skeleton (D:6)
  5 worker ant zombies (D:6)
  12 adders
  11 gnolls
  5 shadow imps
  An ooze (D:4)
  3 adder skeletons
  4 worms
  3 dart slugs
  4 leopard geckos
  22 orcs
  7 giant cockroaches
  7 hobgoblins
  12 jackals
  9 quokkas
  2 ball pythons
  A ball python zombie (D:6)
  9 bats
  5 frilled lizards
  A giant cockroach zombie (D:6)
  4 goblins (D:1)
  2 jackal skeletons
  2 jackal zombies (D:6)
  7 kobolds
  A leopard gecko skeleton (D:4)
  2 quokka zombies (D:6)
  9 rats
273 creatures vanquished.

Vanquished Creatures (others)
  2 komodo dragons
  A polar bear (Lair:1)
  A warg (D:10)
  A crocodile (Lair:1)
  A killer bee (D:9)
6 creatures vanquished.

Grand Total: 279 creatures vanquished

Notes
Turn   | Place    | Note
-------+----------+-------------------------------------------
     0 | Abyss:1  | KnightedAnt the Formicid Abyssal Knight began the quest for
                  | the Orb.
     0 | Abyss:1  | Reached XP level 1. HP: 18/18 MP: 2/2
    88 | Abyss:3  | Noticed a large abomination
   101 | D:1      | Escaped the Abyss
   111 | D:1      | Reached skill level 1 in Dodging
   206 | D:1      | Reached XP level 2. HP: 23/24 MP: 3/3
   330 | D:1      | Reached * piety under Lugonu
   710 | D:1      | Reached XP level 3. HP: 29/29 MP: 4/4
  2505 | D:3      | Reached XP level 4. HP: 37/37 MP: 6/6
  3068 | D:3      | Reached skill level 1 in Evocations
  3084 | D:3      | Reached ** piety under Lugonu
  3260 | D:4      | Found a staircase to the Ecumenical Temple.
  3290 | D:4      | Reached XP level 5. HP: 35/42 MP: 7/7
  3565 | D:4      | Reached XP level 6. HP: 40/48 MP: 8/8
  3708 | D:4      | Found a glowing silver altar of Zin.
  4234 | D:5      | Entered Level 5 of the Dungeon
  4680 | D:5      | Noticed an ogre
  4691 | D:5      | Killed an ogre
  4691 | D:5      | Reached XP level 7. HP: 38/55 MP: 8/10
  5122 | D:5      | Noticed Grinder
  5143 | D:5      | Killed Grinder
  5143 | D:5      | Reached XP level 8. HP: 21/61 MP: 11/11
  5556 | D:5      | Reached skill level 5 in Fighting
  5796 | D:6      | Reached skill level 5 in Invocations
  6370 | D:6      | Reached skill level 5 in Armour
  6489 | D:6      | Reached XP level 9. HP: 20/69 MP: 13/13
  7031 | D:6      | Reached *** piety under Lugonu
  7167 | D:6      | Reached skill level 5 in Long Blades
  7721 | D:6      | Found Ici Uqer's Antique Weapon Shoppe.
  8273 | D:7      | Noticed Duvessa
  8284 | D:7      | Reached skill level 5 in Evocations
  8333 | D:7      | Killed Duvessa
  8333 | D:7      | Noticed Dowan
  8337 | D:7      | Killed Dowan
  8728 | D:7      | Reached **** piety under Lugonu
  9061 | D:7      | Reached XP level 10. HP: 76/77 MP: 15/15
  9549 | D:7      | Reached skill level 5 in Dodging
 10025 | D:8      | Found a burning altar of Makhleb.
 10027 | D:8      | Noticed Joseph
 10054 | D:8      | Banished Joseph
 11049 | D:9      | Found a bloodstained altar of Trog.
 12775 | D:9      | Noticed a komodo dragon
 12776 | D:9      | Banished a komodo dragon
 13245 | D:9      | Found a deep blue altar of Sif Muna.
 13473 | D:9      | Gained mutation: You have very sharp teeth. [potion of
                  | mutation]
 13473 | D:9      | Gained mutation: You evolve. [potion of mutation]
 13473 | D:9      | Gained mutation: You are partially covered in iridescent
                  | scales. (AC +2) [potion of mutation]
 13863 | D:9      | Reached XP level 11. HP: 86/86 MP: 17/17
 13969 | D:9      | Noticed Prince Ribbit
 13999 | D:9      | Killed Prince Ribbit
 14577 | D:10     | Entered Level 10 of the Dungeon
 14915 | D:10     | HP: 2/86 [warg (12)]
 15278 | D:10     | Found a staircase to the Lair.
 16354 | D:10     | Found Aqeirou's Armour Shoppe.
 16454 | D:11     | Noticed a brown ugly thing
 16492 | Lair:1   | Entered Level 1 of the Lair of Beasts
 16492 | Lair:1   | Found an ornate altar of the Wu Jian Council.
 16897 | Lair:1   | Reached skill level 1 in Shields
 17184 | Lair:1   | You fall through a shaft!
 17655 | Lair:1   | Quit the game

Vault maps used:
D:1:      dpeg_arrival_orchard
D:2:      minmay_misc_feat_nine_boxes
D:4:      zin_scriptorium, temple_pool_b, serial_bayou, serial_bayou_crossing,
          serial_bayou_shore_b, serial_bayou_lagoon_a, serial_bayou_pond_e
D:5:      first_ration, water_boxes_lemuel, uniq_grinder
D:6:      serial_shops, shop, serial_undead, serial_undead_a, serial_undead_a,
          serial_undead_c, serial_undead_b, serial_undead_f, serial_undead_c,
          grunt_ministairs_9, zaba_anthole
D:7:      kennysheep_housing_project, uniq_duvessa
D:8:      makhleb_heckhound_becter, uniq_joseph
D:9:      bloody_trog, led_sif_pool, uniq_prince_ribbit1
D:10:     erik_lair_orcish_takeover, serial_shops, kennysheep_little_box
D:11:     orc_0_dummy, grunt_livestock, uniq_sonja
Lair:1:   basic_altar, patterned_corridor, uniq_gastronok
Lair:2:   minmay_guarded_unrand_snakebite, nicolae_spider_entry_tight_spaces,
          basic_altar, portal_ice_cave_rime
Abyss:2:  minivault_19

Skill      XL: |  1  2  3  4  5  6  7  8  9 10 11 |
---------------+----------------------------------+-----
Dodging        | 1 2 3 4 5 6 |  6.2
Invocations    | 3 4 5 6 8 |  8.8
Evocations     | 1 2 3 4 5 6 7 |  7.4
Armour         | 3 4 5 6 7 8 |  8.1
Fighting       | 4 5 6 7 8 |  8.5
Long Blades    | 3 4 5 6 7 |  7.3
Shields        | 1 |  1.8

Action                   |  1- 3 |  4- 6 |  7- 9 | 10-12 || total
-------------------------+-------+-------+-------+-------++-------
Melee: Falchion          |    99 |   154 |   542 |   709 ||  1504
       Bite              |       |       |       |    56 ||    56
Invok: Depart the Abyss  |     1 |       |       |       ||     1
       Bend Space        |       |       |     1 |       ||     1
       Banish            |       |       |       |     6 ||     6
 Abil: Dig               |       |     3 |     5 |    17 ||    25
Evoke: Phial of floods   |       |       |     1 |     1 ||     2
       Lamp of fire      |       |       |     1 |     1 ||     2
       Wand              |       |       |       |     2 ||     2
  Use: Scroll            |       |     7 |     4 |     5 ||    16
       Potion            |       |       |       |     3 ||     3
 Stab: Sleeping          |       |       |       |     1 ||     1
  Eat: Chunk             |     5 |     7 |    13 |    17 ||    42
       Ration            |       |       |     1 |     4 ||     5
Armor: Leather armour    |    26 |     4 |       |       ||    30
       Robe              |       |    55 |   229 |       ||   284
       Skin              |       |       |    24 |   192 ||   216
Dodge: Dodged            |    65 |    96 |   438 |   492 ||  1091
Block: Buckler           |       |       |       |    20 ||    20
       Rpst.: Falchion   |    19 |    35 |   116 |   167 ||   337

Table legend:
 A = Non-vault XP
 B = Vault XP
 C = Vault XP percentage of total XP
 D = Non-vault monster count
 E = Vault monster count
 F = Vault count percentage of total count
                 A         B        C        D         E       F
            +---------+---------+-------+---------+---------+-------
      Total |    9704 |    2258 |  18.9 |     237 |      42 |  15.1
            +---------+---------+-------+---------+---------+-------
        D:1 |      43 |       0 |   0.0 |      25 |       0 |   0.0
        D:2 |      23 |       0 |   0.0 |      11 |       0 |   0.0
        D:3 |      61 |       0 |   0.0 |      17 |       0 |   0.0
        D:4 |     202 |       0 |   0.0 |      11 |       0 |   0.0
        D:5 |     709 |     259 |  26.8 |      14 |       2 |  12.5
        D:6 |    1605 |     350 |  17.9 |      36 |      20 |  35.7
        D:7 |     681 |     540 |  44.2 |      32 |      10 |  23.8
        D:8 |     409 |     268 |  39.6 |      17 |       1 |   5.6
        D:9 |    3001 |     268 |   8.2 |      48 |       1 |   2.0
       D:10 |     953 |     573 |  37.5 |      15 |       8 |  34.8
     Lair:1 |    2017 |       0 |   0.0 |      11 |       0 |   0.0
            +---------+---------+-------+---------+---------+-------
